 Dungeon Crawl Stone Soup version 0.24-a0-416-g56ce5178b7 (webtiles) character file.

Game seed: 859158540950819981

91 Lanoc the Cudgeler (level 4, -5/40 HPs)
             Began as a Draconian Chaos Knight on June 9, 2019.
             Was a Plaything of Xom.
             Slain by an ogre
             ... wielding a +0 giant spiked club
              (19 damage)
             ... on level 3 of the Dungeon.
             The game lasted 00:02:30 (1403 turns).

Lanoc the Cudgeler (Draconian Chaos Knight)         Turns: 1403, Time: 00:02:31

Health: -5/40      AC:  5    Str: 16    XL:     4   Next: 33%
Magic:  4/4        EV: 12    Int: 12    God:    Xom [..*...]
Gold:   69         SH:  0    Dex: 10    Spells: 3/3 levels left

rFire    + . .     SeeInvis .   a - +0 mace (chaos)
rCold    . . .     Gourm    .   (no shield)
rNeg     . . .     Faith    .   (armour unavailable)
rPois    .         Spirit   .   (helmet restricted)
rElec    .         Reflect  .   (no cloak)
rCorr    .         Harm     .   (no gloves)
MR       .....                  (no boots)
Stlth    +.........             (no amulet)
HPRegen  0.13/turn              f - ring of protection from fire
MPRegen  0.09/turn              (no ring)

@: no status effects
A: unfitting armour, cold-blooded, AC +5
a: Renounce Religion


You were on level 3 of the Dungeon.
You worshipped Xom.
You were a toy of Xom.
You were hungry.

You visited 1 branch of the dungeon, and saw 3 of its levels.

You collected 69 gold pieces.

Inventory:

Hand Weapons
 a - a +0 mace of chaos (weapon)
Jewellery
 f - a ring of protection from fire (left hand)
Scrolls
 e - a scroll of remove curse {unknown}
Potions
 c - a potion of flight
 d - 2 potions of curing {unknown}
Comestibles
 b - 4 rations


   Skills:
 + Level 4.0 Fighting
 * Level 4.2 Maces & Flails
 + Level 2.8 Dodging


You had 3 spell levels left.
You didn't know any spells.
Your spell library was empty.

Dungeon Overview and Level Annotations

Branches:
Dungeon (3/15)

Altars:
Fedhas
Yredelemnul


Innate Abilities, Weirdness & Mutations

Your plain brown scales are hard. (AC +5)
You cannot fit into any form of body armour.
You are cold-blooded and may be slowed by cold attacks.


Message History

Things that are here:
a +0 club; a jackal corpse x2
An ogre comes into view. It is wielding a +0 giant spiked club.
The ogre shouts!
Put on which piece of jewellery? (? for menu, Esc to quit)
f - a ring of protection from fire (left hand)
You hit the ogre.
The ogre is poisoned.
You tail-slap the ogre.
The ogre is moderately wounded.
The ogre barely misses you.
You sock the ogre!
The ogre is heavily wounded.
The ogre hits you with a +0 giant spiked club!!
Ouch! That really hurt!
* * * LOW HITPOINT WARNING * * *
"This might be better!"
The ogre seems to slow down.
You barely miss the ogre.
The ogre is severely wounded.
The ogre hits you with a +0 giant spiked club!!
You die...

#########.#
#####.........#
#.O.....#####.#
#@###.#.# #.#
#.#.# #.# #.#.#
#.# #.#.# #.#
#.#.# #.# #.#.#
#.###.#.#
#.......##
#####.##.##


You could see an ogre.

Vanquished Creatures
  A hound (D:2)
  2 adders
  A worm (D:2)
  A leopard gecko (D:2)
  A giant cockroach (D:2)
  6 hobgoblins (D:2)
  8 jackals
  A ball python (D:2)
  5 bats
  4 goblins
  3 kobolds
  3 rats
36 creatures vanquished.

Notes
Turn   | Place    | Note
-------+----------+-------------------------------------------
     0 | D:1      | Lanoc the Draconian Chaos Knight began the quest for the
                  | Orb.
     0 | D:1      | Reached XP level 1. HP: 19/19 MP: 1/1
   231 | D:2      | XOM: silly message
   252 | D:2      | Reached XP level 2. HP: 16/26 MP: 2/2
   555 | D:2      | Reached XP level 3. HP: 6/31 MP: 3/3
   667 | D:2      | XOM is BORED!
   667 | D:2      | XOM: harmless Pois miscast
   838 | D:2      | Found a blossoming altar of Fedhas.
  1023 | D:2      | Reached XP level 4. HP: 36/40 MP: 4/4
  1029 | D:2      | Found a basalt altar of Yredelemnul.
  1183 | D:3      | XOM: mild Necr miscast
  1388 | D:3      | Noticed an ogre
  1399 | D:3      | XOM: enchant monster (good)
  1403 | D:3      | Slain by an ogre

Levels and vault maps discovered:
D:1:      minmay_arrival_three_doors, layout_loops_cross,
          chequers_serial_rivers_marsh
D:2:      layout_basic, fedhas_altar_2, marbit_many_paths
D:3:      layout_loops_corners, lemuel_round_altar, bloody_trog,
          gammafunk_ghost_cemetery, corexii_shack, grunt_ministairs_11

Skill      XL: |  1  2  3  4 |
---------------+-------------+-----
Maces & Flails | 4 |  4.2
Fighting       | 4 |  4.0
Dodging        | |  2.8

Action                   |  1- 3 |  4- 6 || total
-------------------------+-------+-------++-------
Melee: Mace              |    59 |    37 ||    96
       Tailslap          |     6 |     5 ||    11
  Use: Potion            |     3 |       ||     3
 Stab: Invisible         |     2 |       ||     2
       Sleeping          |     1 |     1 ||     2
  Eat: Chunk             |       |     1 ||     1
Armor: Skin              |    22 |    13 ||    35
Dodge: Dodged            |    46 |    50 ||    96

Table legend:
 A = Non-vault XP
 B = Vault XP
 C = Vault XP percentage of total XP
 D = Non-vault monster count
 E = Vault monster count
 F = Vault count percentage of total count
                 A         B        C        D         E       F
            +---------+---------+-------+---------+---------+-------
      Total |     128 |       2 |   1.5 |      35 |       1 |   2.8
            +---------+---------+-------+---------+---------+-------
        D:1 |       2 |       0 |   0.0 |       2 |       0 |   0.0
        D:2 |      96 |       2 |   2.0 |      22 |       1 |   4.3
        D:3 |      30 |       0 |   0.0 |      11 |       0 |   0.0
            +---------+---------+-------+---------+---------+-------
